 Dungeon Crawl Stone Soup version 0.27-a0-216-g1fbed8a51c (webtiles) character file.

Game seed: 9846843892144571712

26 vurker the Sneak (level 3, 0/25 HPs)
             Began as a Gnoll Enchanter on Jan 31, 2021.
             Slain by a kobold (1 damage)
             ... on level 1 of the Dungeon.
             The game lasted 00:01:33 (1032 turns).

vurker the Sneak (Gnoll Enchanter)                  Turns: 1032, Time: 00:01:33

Health: 0/25       AC:  2    Str:  7    XL:     3   Next: 8%
Magic:  9/9        EV: 14    Int: 15    God:
Gold:   52         SH:  0    Dex: 12    Spells: 11/12 levels left

rFire    . . .     SeeInvis .   a - +1 dagger
rCold    . . .     Faith    .   (no shield)
rNeg     . . .     Spirit   .   b - +0 robe
rPois    .         Reflect  .   (no helmet)
rElec    .         Harm     .   (no cloak)
rCorr    .         Rampage  .   (no gloves)
Will     .....                  (no boots)
Stlth    +++.......             (no amulet)
HPRegen  0.08/turn              (no ring)
MPRegen  0.11/turn              (no ring)

@: no status effects
A: distributed training, fangs 1, strong nose
a: no special abilities


You were on level 1 of the Dungeon.
You visited 1 branch of the dungeon, and saw 1 of its levels.

You collected 52 gold pieces.

Inventory:

Hand Weapons
 a - a +1 dagger (weapon)
Armour
 b - a +0 robe (worn)
Scrolls
 d - a scroll of identify {unknown}
 e - a scroll of remove curse {unknown}
Potions
 c - a potion of cancellation {unknown}
 f - a potion of magic {unknown}


   Skills:
 + Level 0.6 Fighting
 + Level 2.5 Short Blades
 + Level 0.6 Long Blades
 + Level 0.6 Axes
 + Level 0.6 Maces & Flails
 + Level 0.6 Polearms
 + Level 0.6 Staves
 + Level 0.6 Slings
 + Level 0.6 Bows
 + Level 0.6 Crossbows
 + Level 0.6 Throwing
 + Level 0.6 Armour
 + Level 4.5 Dodging
 + Level 5.9 Stealth
 + Level 0.6 Shields
 + Level 0.6 Unarmed Combat
 + Level 5.0 Spellcasting
 + Level 0.4 Conjurations
 + Level 5.4 Hexes
 + Level 0.4 Summonings
 + Level 0.4 Necromancy
 + Level 0.4 Translocations
 + Level 0.4 Transmutations
 + Level 0.4 Fire Magic
 + Level 0.4 Ice Magic
 + Level 0.4 Air Magic
 + Level 0.4 Earth Magic
 + Level 0.4 Poison Magic
 + Level 0.8 Invocations
 + Level 0.6 Evocations


You had 11 spell levels left.
You knew the following spells:

 Your Spells              Type           Power        Failure   Level
a - Corona                Hex            21%          1%          1

Your spell library contained the following spells:

 Spells                   Type           Power        Failure   Level
 Confusing Touch          Hex            19%          5%          3
 Tukima's Dance           Hex            19%          5%          3
 Ensorcelled Hibernation  Hex/Ice        24%          8%          2
 Dazzling Flash           Conj/Hex       24%          14%         3


Dungeon Overview and Level Annotations

Branches:
Dungeon (1/15)

Altars:


Innate Abilities, Weirdness & Mutations

Your experience applies equally to all skills.
You have very sharp teeth.
Your uncanny sense of smell can sniff out nearby items.


Message History

You hit the kobold but do no damage. The bat hits you but does no damage.
The hobgoblin barely misses you. The kobold hits you with a +0 whip.
You hit the kobold. The bat misses you. The hobgoblin closely misses you.
The kobold throws a stone.
The stone completely misses you.
The stone hits the bat but does no damage.
The kobold closely misses you.
You barely miss the kobold. The bat completely misses you.
The hobgoblin hits you.
The kobold throws a stone.
The stone closely misses you.
The stone hits the bat.
The bat dies!
There are monsters nearby!
You hit the kobold but do no damage. You bite the kobold, but do no damage.
The kobold closely misses you.
You hit the kobold.
You kill the kobold!
The hobgoblin closely misses you.
You miss the kobold. The hobgoblin hits you.
* * * LOW HITPOINT WARNING * * *
The kobold misses you.
The kobold throws a stone.
The stone misses you.
You hit the hobgoblin but do no damage.
The hobgoblin hits you but does no damage.
You hit the hobgoblin but do no damage. The hobgoblin barely misses you.
You hit the hobgoblin. The hobgoblin closely misses you.
You hit the hobgoblin but do no damage. The hobgoblin closely misses you.
You barely miss the hobgoblin. The hobgoblin barely misses you.
You barely miss the hobgoblin. The hobgoblin hits you.
* * * LOW HITPOINT WARNING * * *
You closely miss the hobgoblin. The hobgoblin closely misses you.
You closely miss the hobgoblin. You closely miss the hobgoblin.
The hobgoblin hits you.
* * * LOW HITPOINT WARNING * * *
You hit the hobgoblin.
You kill the hobgoblin!
The kobold throws a stone.
The stone closely misses you.
Your Spellcasting skill increases to level 5!
The kobold closely misses you.
You see here a hobgoblin corpse.
You hit the kobold. You barely miss the kobold. The kobold closely misses you.
You completely miss the kobold. The kobold barely misses you.
You barely miss the kobold. The kobold hits you.
* * * LOW HITPOINT WARNING * * *
You closely miss the kobold. The kobold hits you.
* * * LOW HITPOINT WARNING * * *
You barely miss the kobold. The kobold hits you.
* * * LOW HITPOINT WARNING * * *
You barely miss the kobold. The kobold closely misses you.
You closely miss the kobold. The kobold hits you.
You die...

#...........#
#..#.#......
#...........#
#..#.#......
#...........#
....#.#......
########.#..#
###.##.#...... #.#..#∆
.. #.#......
#.#..########.#......
..#...........#.#.###
..#.######........# #
...#K@....'........###
...########...........
######...... #.#.##.
#.#..#. ###### #÷#..#.
....# #....#. #..##
#####...#.
####..##..#.......


You could see a kobold.

Vanquished Creatures
  A gnoll (D:1)
  A goblin (D:1)
  4 hobgoblins (D:1)
  4 bats (D:1)
  A frilled lizard (D:1)
  4 kobolds (D:1)
  3 rats (D:1)
18 creatures vanquished.

Vanquished Creatures (others)
  A bat (D:1)
1 creature vanquished.

Grand Total: 19 creatures vanquished

Notes
Turn   | Place    | Note
-------+----------+-------------------------------------------
     0 | D:1      | vurker the Gnoll Enchanter began the quest for the Orb.
     0 | D:1      | Reached XP level 1. HP: 13/13 MP: 6/6
   393 | D:1      | Reached XP level 2. HP: 19/19 MP: 7/7
   868 | D:1      | Reached XP level 3. HP: 21/25 MP: 9/9
  1024 | D:1      | Reached skill level 5 in Spellcasting
  1030 | D:1      | HP: 1/25 [kobold (2)]
  1032 | D:1      | Slain by a kobold

Illustrated notes

Levels and vault maps discovered:
D:1:      dpeg_arrival_short_road, layout_basic, roderic_st_hans_cross

Skill      XL: |  1  2  3 |
---------------+----------+-----
Spellcasting   | 5 |  5.0
Fighting       | |  0.6
Short Blades   | |  2.5
Long Blades    | |  0.6
Axes           | |  0.6
Maces & Flails | |  0.6
Polearms       | |  0.6
Staves         | |  0.6
Slings         | |  0.6
Bows           | |  0.6
Crossbows      | |  0.6
Throwing       | |  0.6
Armour         | |  0.6
Dodging        | |  4.5
Stealth        | |  5.9
Shields        | |  0.6
Unarmed Combat | |  0.6
Conjurations   | |  0.4
Hexes          | |  5.4
Summonings     | |  0.4
Necromancy     | |  0.4
Translocations | |  0.4
Transmutations | |  0.4
Fire Magic     | |  0.4
Ice Magic      | |  0.4
Air Magic      | |  0.4
Earth Magic    | |  0.4
Poison Magic   | |  0.4
Invocations    | |  0.8
Evocations     | |  0.6

Action                   || total
-------------------------++-------
Melee: Dagger            ||   101
       Bite              ||     7
       Punch             ||     1
 Stab: Sleeping          ||     1
Armor: Robe              ||     9
Dodge: Dodged            ||    80

Table legend: (Time is in decaauts)
 A = Elapsed time spent in this place.
 B = Non-inter-level travel time spent in this place.
 C = Inter-level travel time spent in this place.
 D = Time resting spent in this place.
 E = Time spent auto-exploring this place.
 F = Levels seen in this place.
 G = Mean time per level.
                   A        B        C        D        E       F      G
               +--------+--------+--------+--------+--------+-----+--------+
         Total |   1020 |   1020 |      0 |      0 |    779 |   1 | 1020.0 |
       Dungeon |   1020 |   1020 |      0 |      0 |    779 |   1 | 1020.0 |
               +--------+--------+--------+--------+--------+-----+--------+

Top non-repeatable levels by time:
     D:1: 1020 daAuts
